 Dungeon Crawl Stone Soup version 0.20.1-1-g8b1a95d (webtiles) character file.

50 Jazqa the Cudgeler (level 3, 0/29 HPs)
             Began as a Demonspawn Gladiator on Oct 31, 2017.
             Was an Initiate of Cheibriados.
             Slain by a worm (5 damage)
             ... on level 3 of the Dungeon.
             The game lasted 00:01:14 (741 turns).

Jazqa the Cudgeler (Demonspawn Gladiator)            Turns: 741, Time: 00:01:14

Health: 0/29       AC: 10    Str: 16    XL:     3   Next: 55%
Magic:  0/3        EV:  7    Int: 10    God:    Cheibriados [......]
Gold:   68         SH:  0    Dex: 15    Spells: 2/2 levels left

rFire    . . .     SeeInvis .   a - +0 flail
rCold    + . .     Gourm    .   (no shield)
rNeg     . . .     Faith    .   h - +0 chain mail {rC+}
rPois    .         Spirit   +   c - +0 helmet
rElec    .         Reflect  .   (no cloak)
rCorr    .         Harm     .   (no gloves)
MR       .....                  b - +0 pair of boots
Stlth    ..........             (no amulet)
Regen    0.1/turn               (no ring)
MPRegen  0.2/turn               (no ring)

@: slowed, very slow
A: magic shield, magic regeneration
a: Bend Time, Renounce Religion


You were on level 3 of the Dungeon.
You worshipped Cheibriados.
Cheibriados was noncommittal.
You were not hungry.

You visited 1 branch of the dungeon, and saw 3 of its levels.

You collected 68 gold pieces.


Innate Abilities, Weirdness & Mutations

When hurt, damage is shared between your health and your magic reserves.
You regenerate magic rapidly.


   Skills:
 + Level 3.1 Fighting
 + Level 3.4 Maces & Flails
 - Level 1.7 Throwing
 - Level 2.6 Dodging


You had 2 spell levels left.
You didn't know any spells.

Inventory:

Hand Weapons
 a - a +0 flail (weapon)
Missiles
 d - 3 throwing nets {=f}
Armour
 b - a +0 pair of boots (worn)
 c - a +0 helmet (worn)
 h - a +0 chain mail of cold resistance (worn)
Scrolls
 e - 2 scrolls of identify {unknown}
 g - a scroll of enchant weapon {unknown}
 j - a scroll of teleportation {unknown}
Comestibles
 f - 2 bread rations {@e1}
 i - a royal jelly {@e3}
 k - a chunk of flesh

Dungeon Overview and Level Annotations

Branches:
Dungeon (3/15)

Altars:
Cheibriados

........ ......
........##.....#.
...w.......#.....
#...... .......##
.....h. .........
.......##....#...
........<........
##.######w...##..
#...!@..>....
#.##...##....
....%...##.
##########


You could see a worm.


Message History

The magic dart hits you!
* * * LOW HITPOINT WARNING * * *
You hit Natasha.
Natasha is almost dead.
Natasha stares at you and mumbles some strange words.
You feel yourself slow down.
You barely miss Natasha.
Natasha is almost dead.
Natasha claws you but does no damage. Natasha closely misses you.
You hit Natasha but do no damage.
Natasha is almost dead.
Natasha claws you but does no damage. x2
Unknown command.
You sock Natasha!
You kill Natasha!
Cheibriados appreciates the change of pace.
Natasha screams in fury as she dies!
Your Fighting skill increases to level 3!
You have reached level 3!
Your experience leads to an increase in your attributes!
Your base attributes are Str 14, Int 9, Dex 14.
Increase (S)trength, (I)ntelligence, or (D)exterity?
You feel stronger.
Your demonic ancestry asserts itself...
You feel your magic shroud grow more resilient.
You thump the worm!
The worm is severely wounded.
The worm bites you.
* * * LOW HITPOINT WARNING * * *
The worm bites you!
You die...

Skill      XL: |  1  2 |
---------------+-------+-----
Maces & Flails | 3 |  3.4
Fighting       | 3 |  3.1
Throwing       | |  1.7
Dodging        | |  2.6

Action                   || total
-------------------------++-------
Melee: Flail             ||    65
Armor: Chain mail        ||    39
Dodge: Dodged            ||    25

Vault maps used:
D:1:      saegor_arrival_simple_d, cheibriados_altar_1
D:2:      minmay_misc_feat_tower
D:3:      first_bread, uniq_natasha

Notes
Turn   | Place    | Note
-------+----------+-------------------------------------------
     0 | D:1      | Jazqa the Demonspawn Gladiator began the quest for the Orb.
     0 | D:1      | Reached XP level 1. HP: 16/16 MP: 1/1
    61 | D:1      | Found a snail-covered altar of Cheibriados.
   102 | D:1      | Became a worshipper of Cheibriados the Contemplative
   218 | D:1      | Gained mutation: When hurt, damage is shared between your health and your magic reserves. [demonic ancestry]
   218 | D:1      | Reached XP level 2. HP: 18/23 MP: 2/2
   241 | D:1      | Reached skill level 3 in Maces & Flails
   727 | D:3      | Noticed Natasha
   740 | D:3      | Killed Natasha
   740 | D:3      | Reached skill level 3 in Fighting
   740 | D:3      | Gained mutation: You regenerate magic rapidly. [demonic ancestry]
   740 | D:3      | Reached XP level 3. HP: 10/29 MP: 3/3
   741 | D:3      | Slain by a worm

Vanquished Creatures
  Natasha (D:3)
  3 dart slugs (D:1)
  A leopard gecko (D:1)
  4 hobgoblins
  A kobold (D:1)
  2 bats
  3 goblins (D:1)
  4 rats
19 creatures vanquished.
